 Dungeon Crawl Stone Soup version 0.29.0-11-gd7f09526c8 (webtiles) character file.

Game seed: 6792369292968943142

25 Spectrina the Sneak (level 2, 0/18 HPs)
             Began as a Deep Elf Monk on Sept 5, 2022.
             Was a Plaything of Xom.
             Frozen to death by an endoplasm (5 damage)
             ... on level 1 of the Dungeon.
             The game lasted 00:03:18 (508 turns).

Spectrina the Sneak (Deep Elf Monk)                  Turns: 508, Time: 00:03:18

Health: 0/18       AC:  2    Str:  8    XL:     2   Next: 86%
Magic:  4/4        EV: 13    Int: 14    God:    Xom [..*...]
Gold:   29         SH:  0    Dex: 17    Spells: 1/1 levels left

rFire   . . .      SeeInvis .   a - +0 short sword
rCold   . . .      Faith    .   (no shield)
rNeg    . . .      Spirit   .   b - +0 robe
rPois   .          Reflect  .   (no helmet)
rElec   .          Harm     .   (no cloak)
rCorr   .          Rampage  .   (no gloves)
Will    .....                   (no boots)
Stlth   +++.......              (no amulet)
HPRegen 0.06/turn               (no ring)
MPRegen 0.09/turn               (no ring)

@: no status effects
A: no striking features
a: Renounce Religion


You were on level 1 of the Dungeon.
You worshipped Xom.
You were a toy of Xom.
You visited 1 branch of the dungeon, and saw 3 of its levels.

You collected 29 gold pieces.

Inventory:

Hand Weapons
 a - a +0 short sword (weapon)
 f - a +0 sling
Armour
 b - a +0 robe (worn)
Magical Staves
 d - a staff of cold
Scrolls
 g - a scroll of butterflies {unknown}
Potions
 c - a potion of might {unknown}
 e - a potion of resistance {unknown}


   Skills:
 - Level 2.4 Fighting
 - Level 3.0 Short Blades
 - Level 3.6 Dodging
 + Level 3.8 Stealth
 + Level 0.5 Conjurations
 * Level 1.0 Ice Magic
 + Level 0.4 Air Magic


You had one spell level left.
You didn't know any spells.
Your spell library contained the following spells:

 Spells                   Type           Power      Damage    Failure   Level
 Mephitic Cloud           Conj/Pois/Air  0%         N/A       58%         3
 Ignite Poison            Fire/Tmut/Pois 0%         N/A       65%         3
 Freezing Cloud           Conj/Ice/Air   0%         6-21      99%         5


Dungeon Overview and Level Annotations

Branches:
Dungeon (3/15)

Altars:
Xom


Message History

The endoplasm freezes you.
You are frozen.
You hit the endoplasm.
The endoplasm is severely wounded.
The endoplasm closely misses you.
Unknown command.
You hit the endoplasm.
You kill the endoplasm!
Your Ice Magic skill increases to level 1!
You hit the ball python.
The ball python is severely wounded.
The ball python closely misses you. The ball python grabs you.
The ball python constricts you. The ball python barely misses you.
The ball python constricts you.
You hit the ball python.
You kill the ball python!
An endoplasm comes into view.
The endoplasm quivers.
You hit the endoplasm.
The endoplasm is heavily wounded.
The endoplasm freezes you.
You are frozen.
You hit the endoplasm.
The endoplasm is heavily wounded.
The endoplasm freezes you.
You are frozen.
You hit the endoplasm but do no damage.
The endoplasm is heavily wounded.
The endoplasm barely misses you.
You hit the endoplasm.
The endoplasm is severely wounded.
The endoplasm freezes you.
You are frozen.
* * * LOW HITPOINT WARNING * * *
You barely miss the endoplasm.
The endoplasm is severely wounded.
The endoplasm freezes you.
You are frozen.
You die... "It's all fun and games until someone loses an eye."

#. #### ###. #.. .... ####.# ###
. #. #....# ..# .# ##. #....# #.#
.. #.. #....# #.# #.##..
#....##########J# #.#...
#....'........@.#### #.#.#.
###....######........#######.#.#.
......†......................>...
###....######........#####.......
# ###### #........# #........ #
#........# #........ # #........#
#.####### # ########## #.# # #.#


You could see an endoplasm.

Vanquished Creatures
  4 ball pythons (D:1)
  A bat (D:1)
  4 endoplasms (D:1)
  A goblin (D:1)
  4 hobgoblins
  2 kobolds
  2 quokkas (D:1)
  3 rats (D:1)
21 creatures vanquished.

Notes
Turn   | Place    | Note
-------+----------+-------------------------------------------
     0 | D:1      | Spectrina the Deep Elf Monk began the quest for the Orb.
     0 | D:1      | Reached XP level 1. HP: 13/13 MP: 3/3
    88 | D:1      | Found a faded altar of an unknown god.
    91 | D:1      | Prayed at the altar of an unknown god.
    91 | D:1      | Became a worshipper of Xom of Chaos
   121 | D:1      | XOM: divination: detect items
   148 | D:1      | Reached XP level 2. HP: 9/18 MP: 4/4
   236 | D:1      | XOM: enchant monster (bad)
   495 | D:1      | Reached skill level 1 in Ice Magic
   508 | D:1      | Frozen to death by an endoplasm

Illustrated notes

Levels and vault maps discovered:
D:1:      eino_arrival_tree_alley, layout_basic,
          shapermc_ecumenical_altar_mp_vishouse
D:2:      cheibrodos_old_hovel, layout_rooms
D:3:      layout_rooms, lemuel_blue_sif_altar, minmay_misc_feat_iff

Skill      XL: |  1  2 |
---------------+-------+-----
Stealth        | 3 |  3.8
Ice Magic      | 1 |  1.0
Fighting       | |  2.4
Short Blades   | |  3.0
Dodging        | |  3.6
Conjurations   | |  0.5
Air Magic      | |  0.4

Action                   || total
-------------------------++-------
Melee: Staff             ||    18
       Short sword       ||    46
       Punch             ||     2
  Use: Potion            ||     1
 Stab: Sleeping          ||    10
Armor: Robe              ||     9
Dodge: Dodged            ||    47
